 Dungeon Crawl Stone Soup version 0.29.1-2-gbd0b4ee654 (webtiles) character file.

Game seed: 4140877490241238146

7587 Lutefisk the Zephyrmancer (level 11, -10/68 HPs)
             Began as a Tengu Air Elementalist on Nov 29, 2022.
             Was a Believer of Sif Muna.
             Shot with an arrow by a centaur warrior (23 damage)
             ... on level 10 of the Dungeon.
             The game lasted 00:55:41 (4934 turns).

Lutefisk the Zephyrmancer (Tengu Air Elementalist)  Turns: 4934, Time: 00:55:42

Health: -10/68     AC:  3    Str:  8    XL:     11   Next: 17%
Magic:  4/22       EV: 17    Int: 19    God:    Sif Muna [**....]
Gold:   478        SH:  0    Dex: 16    Spells: 9/24 levels left

rFire   . . .      SeeInvis .   G - +8 flail "Puelotop" {venom, rCorr}
rCold   . . .      Faith    .   (no shield)
rNeg    . . .      Spirit   .   H - +0 leather armour {rPois}
rPois   +          Reflect  .   (helmet restricted)
rElec   .          Harm     .   (no cloak)
rCorr   +          Rampage  .   (no gloves)
Will    .....                   (boots unavailable)
Stlth   ++........              n - amulet of regeneration
HPRegen 1.01/turn               (no ring)
MPRegen 0.18/turn               (no ring)

@: about to teleport, flying quickly and evasively, quick
A: beak, talons 3, nimble flight
a: Renounce Religion, Channel Magic


You were on level 10 of the Dungeon.
You worshipped Sif Muna.
Sif Muna was pleased with you.
You visited 2 branches of the dungeon, and saw 11 of its levels.

You collected 478 gold pieces.

Inventory:

Hand Weapons
 B - a +2 scimitar of flaming
 G - the +8 flail "Puelotop" (weapon) {venom, rCorr}
   (You took it off a human on level 8 of the Dungeon)

   It poisons the flesh of those it strikes.
   rCorr:     It protects you from acid and corrosion.
Missiles
 l - 8 boomerangs
 C - 3 poisoned darts (quivered)
Armour
 H - a +0 leather armour of poison resistance (worn)
Jewellery
 n - an amulet of regeneration (around neck)
 t - an amulet of reflection
Wands
 e - a wand of polymorph (20)
 p - a wand of roots (2)
 r - a wand of light (2)
 F - a wand of charming (3)
Scrolls
 c - 2 scrolls of teleportation
 d - a scroll of vulnerability {unknown}
 f - 4 scrolls of identify
 g - 6 scrolls of enchant weapon
 i - 2 scrolls of immolation {unknown}
 m - 3 scrolls of magic mapping {unknown}
 o - 3 scrolls of enchant armour {unknown}
 s - a scroll of brand weapon {unknown}
 u - 2 scrolls of blinking {unknown}
 v - a scroll of silence {unknown}
 w - a scroll of amnesia {unknown}
 x - a scroll of noise {unknown}
 y - a scroll of acquirement {unknown}
Potions
 b - a potion of magic
 h - a potion of mutation {unknown}
 j - 2 potions of invisibility {unknown}
 k - 2 potions of ambrosia {unknown}
 q - a potion of degeneration {unknown}
 z - 2 potions of lignification {unknown}
 A - 2 potions of attraction {unknown}
 D - a potion of flight {unknown}
 E - a potion of brilliance {unknown}


   Skills:
 - Level 8.0 Fighting
 - Level 1.0 Throwing
 - Level 5.0 Armour
 - Level 7.0 Dodging
 - Level 2.0 Stealth
 * Level 7.1 Spellcasting
 - Level 5.0 Conjurations
 - Level 10.0 Air Magic
 - Level 2.0 Invocations
 - Level 6.0 Evocations


You had 9 spell levels left.
You knew the following spells:

 Your Spells              Type           Power      Damage    Failure   Level
a - Shock                 Conj/Air       100%       1d9       1%          1
b - Static Discharge      Conj/Air       35%        3-8/arc   1%          2
c - Swiftness             Air            44%        N/A       1%          3
d - Passwall              Tmut/Erth      5%         N/A       21%         2
e - Airstrike             Air            22%        2d(4-20)  2%          4
f - Mephitic Cloud        Conj/Pois/Air  25%        N/A       5%          3

Your spell library contained the following spells:

 Spells                   Type           Power      Damage    Failure   Level
 Magic Dart               Conj           100%       1d8       1%          1
 Slow                     Hex            24%        N/A       14%         1
 Dazzling Flash           Conj/Hex       32%        N/A       14%         3
 Call Imp                 Summ           6%         N/A       21%         2
 Ensorcelled Hibernation  Hex/Ice        12%        N/A       21%         2
 Confusing Touch          Hex            6%         N/A       38%         3
 Ozocubu's Armour         Ice            6%         N/A       38%         3
 Vampiric Draining        Necr           6%         2d6       38%         3
 Iskenderun's Mystic Bla  Conj/Tloc      16%        2d5       43%         4
 Irradiate                Conj/Tmut      8%         3d14      80%         5
 Blade Hands              Tmut           3%         N/A       98%         5
 Starburst                Conj/Fire      8%         6d4       100%        6
 Dragon Form              Tmut           3%         N/A       100%        7
 Ozocubu's Refrigeration  Ice            3%         4d8       100%        7


Dungeon Overview and Level Annotations

Branches:
Dungeon (10/15)            Temple (1/1) D:5
   Lair: D:8-11         Orc: D:9-12

Altars:
Ashenzari
Cheibriados
Dithmenos
Elyvilon
Fedhas
Gozag
Hepliaklqana
Makhleb
Nemelex Xobeh
Okawaru
Ru
Sif Muna
Trog
Uskayaw
Vehumet
Xom
Yredelemnul
Zin
The Shining One

Shops:
D:3 [

Annotations:
D:3 Pargi
D:4 2 transporters, JJisdabomb's ghost, amateur VSFi
D:9 2 transporters, exclusion: obsidian statue


Innate Abilities, Weirdness & Mutations

You have a beak for a mouth.
You have claws for feet.
Your magical nature lets you fly swiftly and evasively.


Message History

Press: ? - help, Q - select action, (/) - cycle Shift-Dir - straight line, f - two-headed ogre
Aim: a two-headed ogre, wielding a +0 giant spiked club and a +0 giant club (77% to hit)
You throw a poisoned dart.
The poisoned dart hits the two-headed ogre.
The two-headed ogre is poisoned.
Throw: 4 darts (poison)
Press: ? - help, Q - select action, (/) - cycle Shift-Dir - straight line, f/p - two-headed ogre
Aim: a two-headed ogre, wielding a +0 giant spiked club and a +0 giant club (poisoned, 77% to hit)
You throw a poisoned dart.
The poisoned dart hits the two-headed ogre.
The two-headed ogre looks more healthy.
Casting: Airstrike (dangerous; 2% risk of failure)
Confirm with . or Enter, or press ? or * to list all spells.
Aiming: Airstrike (dangerous; 2% risk of failure)
Press: ? - help, Dir - move target, f/p - two-headed ogre
Aim: a two-headed ogre, wielding a +0 giant spiked club and a +0 giant club (lightly wounded, empty space bonus: 7/8)
The air twists around and strikes the two-headed ogre!!
The two-headed ogre is heavily wounded.
Unknown command.
Casting: Airstrike (dangerous; 2% risk of failure)
Confirm with . or Enter, or press ? or * to list all spells.
Aiming: Airstrike (dangerous; 2% risk of failure)
Press: ? - help, Dir - move target, f/p - two-headed ogre
Aim: a two-headed ogre, wielding a +0 giant spiked club and a +0 giant club (heavily wounded, empty space bonus: 8/8)
The air twists around and strikes the two-headed ogre!!
The two-headed ogre is severely wounded.
A centaur warrior comes into view. It is wielding a +0 long sword.
The centaur warrior shouts!
The centaur warrior unwields a +0 long sword.
The centaur warrior wields a +0 shortbow.
The centaur warrior shoots an arrow.
The arrow hits you!!
Okay, then.
As you read the scroll of teleportation, it crumbles to dust.
You feel strangely unstable.
The centaur warrior shoots an arrow.
The arrow hits you!!
The centaur warrior shoots an arrow.
The arrow barely misses you.
The centaur warrior shoots an arrow.
The arrow hits you!
* * * LOW HITPOINT WARNING * * *
The centaur warrior shoots an arrow.
The arrow hits you!!
You die...

#...........##
#........##.#
#........##.#
#.....<.....#
#.......##### #.
#.......#.. ...
#.......#.# ###.####
#.....O.#.##.......#
#...@)..#.#.#.....#
#.###...#.#..#...#
#.......#.#...#.#
#.......#h.....#
#.......#y#...#.#
#.......#.#..#...#
#.......'.#.#.....#
#....c..#.##.......#
#.......#.#####.####


You could see a centaur warrior and a two-headed ogre.

Vanquished Creatures
  Erica (D:9)
  2 two-headed ogres
  Pikel (D:8)
  Psyche (D:8)
  2 hornets
  Grinder (D:5)
  2 yaks (D:6)
  5 humans (D:8)
  A wyvern (D:9)
  2 vampire mosquitoes (D:8)
  Menkaure (D:7)
  3 water moccasins
  2 black bears
  A sky beast (D:7)
  An ice beast (D:6)
  3 ogres
  A lemure (D:8)
  3 centaurs
  2 phantoms
  A kobold brigand (D:6)
  A bullfrog (D:7)
  3 scorpions (D:6)
  A gnoll sergeant (D:9)
  A necrophage (D:3)
  3 howler monkeys
  2 electric eels (D:9)
  2 jellies
  7 orc priests
  A gnoll bouda (D:7)
  4 hounds (D:6)
  7 orc wizards
  9 adders
  14 gnolls
  A shadow imp (D:6)
  2 white imps
  2 worms
  20 orcs
  5 bats
  4 endoplasms
  3 giant cockroaches
  9 goblins
  4 hobgoblins
  3 jackals (D:3)
  13 kobolds
  2 quokkas
  7 ball pythons
  3 frilled lizards
  6 rats
175 creatures vanquished.

Vanquished Creatures (collateral kills)
  An orc warrior (D:9)
  An orc priest (D:9)
  An orc wizard (D:9)
  3 orcs (D:9)
6 creatures vanquished.

Vanquished Creatures (others)
  2 vampire mosquitoes
  An orc (D:9)
  14 fungi (D:6)
  2 plants (D:9)
19 creatures vanquished.

Grand Total: 200 creatures vanquished

Notes
Turn   | Place    | Note
-------+----------+-------------------------------------------
     0 | D:1      | Lutefisk the Tengu Air Elementalist began the quest for the
                  | Orb.
     0 | D:1      | Reached XP level 1. HP: 10/10 MP: 4/4
    87 | D:1      | Reached skill level 1 in Fighting
   129 | D:1      | Reached XP level 2. HP: 10/16 MP: 3/6
   369 | D:1      | Found a faded altar of an unknown god.
   421 | D:2      | Reached XP level 3. HP: 17/22 MP: 5/7
   447 | D:2      | Learned a level 2 spell: Static Discharge
   451 | D:2      | Learned a level 3 spell: Swiftness
   749 | D:2      | Reached XP level 4. HP: 24/28 MP: 4/8
   839 | D:3      | Noticed Pargi
   938 | D:3      | Reached skill level 5 in Air Magic
  1058 | D:3      | Found a radiant altar of Vehumet.
  1097 | D:3      | Found Puurpho's Antique Armour Boutique.
  1183 | D:3      | Noticed a necrophage
  1206 | D:3      | Killed a necrophage
  1207 | D:3      | Reached skill level 6 in Air Magic
  1207 | D:3      | Gained mutation: Your magical nature lets you fly swiftly
                  | and evasively. [Tengu growth]
  1207 | D:3      | Reached XP level 5. HP: 29/32 MP: 3/9
  1337 | D:3      | Learned a level 2 spell: Passwall
  1422 | D:4      | Reached skill level 1 in Armour
  1457 | D:4      | Found a transporter.
  1469 | D:4      | Noticed JJisdabomb's ghost (amateur VSFi)
  1481 | D:4      | Reached skill level 1 in Throwing
  1591 | D:4      | Found a transporter.
  1637 | D:4      | Noticed an ogre
  1643 | D:4      | Killed an ogre
  1644 | D:4      | Reached XP level 6. HP: 38/38 MP: 3/11
  1756 | D:4      | Found a faded altar of an unknown god.
  1756 | D:4      | Found a glowing golden altar of the Shining One.
  1763 | D:4      | Found a broken altar of Ashenzari.
  1765 | D:4      | Found a faded altar of an unknown god.
  1766 | D:4      | Found a sacrificial altar of Ru.
  1839 | D:5      | Entered Level 5 of the Dungeon
  1839 | D:5      | Noticed Grinder
  1839 | D:5      | Noticed a water moccasin
  1928 | D:5      | Reached skill level 1 in Evocations
  2041 | D:5      | Killed a water moccasin
  2042 | D:5      | Reached XP level 7. HP: 29/43 MP: 0/13
  2110 | D:6      | Reached skill level 7 in Air Magic
  2194 | D:5      | Reached skill level 8 in Air Magic
  2194 | D:5      | Reached XP level 8. HP: 22/48 MP: 6/15
  2263 | D:5      | Found a staircase to the Ecumenical Temple.
  2269 | Temple   | Entered the Ecumenical Temple
  2301 | Temple   | Became a worshipper of Sif Muna the Loreminder
  2403 | D:5      | Killed Grinder
  2404 | D:5      | Reached skill level 5 in Fighting
  2472 | D:5      | Reached skill level 1 in Invocations
  2572 | D:6      | Noticed a yak
  2572 | D:6      | Noticed a yak
  2572 | D:6      | Noticed a yak
  2606 | D:6      | Killed a yak
  2607 | D:6      | Reached skill level 5 in Conjurations
  2616 | D:6      | Killed a yak
  2617 | D:6      | Reached skill level 5 in Spellcasting
  2617 | D:6      | Reached XP level 9. HP: 50/54 MP: 1/17
  2853 | D:6      | Found a sparkling altar of Nemelex Xobeh.
  2966 | D:6      | Reached * piety under Sif Muna
  3096 | D:6      | Reached skill level 5 in Dodging
  3200 | D:7      | Learned a level 4 spell: Airstrike
  3204 | D:7      | Learned a level 3 spell: Mephitic Cloud
  3218 | D:7      | Noticed Menkaure
  3224 | D:7      | Killed Menkaure
  3271 | D:7      | Found a shadowy altar of Dithmenos.
  3385 | D:7      | Reached skill level 9 in Air Magic
  3708 | D:7      | Reached skill level 10 in Air Magic
  3773 | D:8      | Noticed Pikel
  3780 | D:8      | Killed Pikel
  3781 | D:8      | Reached XP level 10. HP: 33/60 MP: 8/18
  3807 | D:8      | Reached skill level 5 in Evocations
  3901 | D:8      | Noticed Psyche
  3905 | D:8      | Killed Psyche
  3992 | D:8      | Noticed a two-headed ogre
  4042 | D:8      | Killed a two-headed ogre
  4043 | D:8      | Reached skill level 5 in Armour
  4098 | D:8      | Identified the +8 flail "Puelotop" {venom, rCorr}
  4223 | D:9      | Reached ** piety under Sif Muna
  4318 | D:9      | Found a shimmering altar of Xom.
  4318 | D:9      | Noticed Erica
  4396 | D:9      | HP: 1/64 [something/bolt of poison (31)]
  4399 | D:9      | Killed Erica
  4461 | D:9      | Noticed a kobold demonologist
  4461 | D:9      | Noticed an orc high priest
  4461 | D:9      | Noticed a kobold demonologist
  4464 | D:9      | Found a transporter.
  4467 | D:9      | Noticed an orc sorcerer
  4468 | D:9      | Noticed a kobold demonologist
  4479 | D:9      | Noticed a fire crab
  4484 | D:9      | Found a transporter.
  4500 | D:9      | Found a white marble altar of Elyvilon.
  4563 | D:9      | Found a basalt altar of Yredelemnul.
  4582 | D:9      | Noticed an obsidian statue
  4620 | D:9      | Noticed an orange demon
  4672 | D:9      | Noticed a two-headed ogre
  4729 | D:9      | Killed a two-headed ogre
  4730 | D:9      | Reached XP level 11. HP: 68/68 MP: 1/21
  4809 | D:10     | Entered Level 10 of the Dungeon
  4909 | D:10     | Noticed a two-headed ogre
  4931 | D:10     | Noticed a centaur warrior
  4934 | D:10     | Shot with an arrow by a centaur warrior

Illustrated notes

Levels and vault maps discovered:
D:1:      roderic_dead_forest, layout_loops_ring,
          shapermc_ecumenical_altar_totnotflames, minmay_pentomino_v2
D:2:      layout_basic, basic_altar
D:3:      layout_basic, nicolae_vehumet_radiance, serial_shops,
          nicolae_shop_competitors_out_of_business, grunt_ministairs_5,
          hex_large, hangedman_decor_riveting, hangedman_decor_points,
          uniq_pargi
D:4:      layout_cave_pools, chequers_temple_overflow_minitemple,
          gammafunk_ghost_stat_death, nicolae_figureground_pulse
D:5:      layout_basic, minmay_temple_entry_gardened_gates, serial_bayou_pond_d,
          uniq_grinder, uniq_blork_the_orc
D:6:      layout_loops_ring, mainiacjoe_overflow_paths, serial_aquarium,
          aquarium_bridge_straight [aquarium_subvault_bridge,
          aquarium_subvault_wall, aquarium_subvault_bridge,
          aquarium_subvault_wall], aquarium_bridge_island_small
          [aquarium_subvault_small_open, aquarium_subvault_bridge,
          aquarium_subvault_wall, aquarium_subvault_bridge,
          aquarium_subvault_window], aquarium_window_1, aquarium_window_double,
          aquarium_window_fake, aquarium_window_1, aquarium_view_2d,
          aquarium_balcony_double_1, aquarium_pool_split
D:7:      layout_cave_pods, nicolae_overflow_hidden_temple, uniq_prince_ribbit1,
          uniq_menkaure
D:8:      layout_rooms, minmay_ruffians, uniq_psyche, uniq_pikel
D:9:      gammafunk_wand_slinger, layout_irregular_city, xom_teletrap_fun,
          yredelemnul_altar_generic, nicolae_elyvilon_temple_path, minivault_16,
          uniq_erica
D:10:     minmay_the_grid_net [minmay_the_grid_rooms, minmay_the_grid_x,
          minmay_the_grid_tree, minmay_the_grid_minigrid_medium,
          minmay_the_grid_doors, minmay_the_grid_prize_inner_circle],
          layout_stronghold, orc_david_3, serial_shops, shop,
          nicolae_take_the_stairs, grunt_ministairs_1
Temple:   nicolae_temple_god_jail

Skill      XL: |  1  2  3  4  5  6  7  8  9 10 11 |
---------------+----------------------------------+-----
Fighting       | 1 2 3 4 5 6 8 |  8.0
Conjurations   | 2 4 5 |  5.0
Air Magic      | 6 8 10 | 10.0
Armour         | 1 2 4 5 |  5.0
Throwing       | 1 |  1.0
Spellcasting   | 3 4 5 6 7 |  7.1
Evocations     | 1 3 4 6 |  6.0
Dodging        | 4 5 7 |  7.0
Invocations    | 1 2 |  2.0
Stealth        | |  2.0

Action                   |  1- 3 |  4- 6 |  7- 9 | 10-12 || total
-------------------------+-------+-------+-------+-------++-------
Melee: Club              |    13 |    21 |       |       ||    34
       Unarmed           |     2 |       |       |       ||     2
       Kick              |     1 |     5 |    24 |    10 ||    40
       Peck              |     2 |     4 |    13 |     9 ||    28
       Spear             |       |    29 |    82 |     4 ||   115
       Flail             |       |       |       |    45 ||    45
Throw: Boomerang         |       |     1 |     2 |     4 ||     7
       Dart              |       |       |     3 |    13 ||    16
 Cast: Shock             |    39 |    60 |    43 |    22 ||   164
       Static Discharge  |     1 |    13 |    45 |    24 ||    83
       Passwall          |       |     3 |    11 |       ||    14
       Airstrike         |       |       |     5 |    24 ||    29
       Mephitic Cloud    |       |       |       |     2 ||     2
Evoke: Wand              |       |       |       |    10 ||    10
  Use: Potion            |       |       |       |     3 ||     3
       Scroll            |       |       |       |     3 ||     3
 Stab: Sleeping          |     1 |     2 |       |       ||     3
Armor: Robe              |     9 |    10 |     7 |     4 ||    30
       Leather armour    |       |       |       |     5 ||     5
Dodge: Dodged            |    21 |    32 |    92 |   113 ||   258
